 Dungeon Crawl Stone Soup version 0.30.1-6-gbe392663c4 (webtiles) character file.

Game seed: 15798329766723792666

387 Kurtz the Chopper (level 6, 37/37 HPs)
             Began as a Tengu Fighter on Sept 20, 2023.
             Quit the game on level 4 of the Dungeon.
             The game lasted 00:01:32 (2052 turns).

Kurtz the Chopper (Tengu Fighter)                   Turns: 2052, Time: 00:01:33

Health: 37/37      AC:  8    Str: 18    XL:     6   Next: 78%
Magic:  7/7        EV: 10    Int:  9    God:
Gold:   169        SH:  4    Dex: 13    Spells: 5/5 levels left

rFire   . . .        a - +0 war axe
rCold   . . .        c - +0 buckler
rNeg    . . .        b - +0 scale mail
rPois   .            (helmet restricted)
rElec   .            r - +0 cloak
rCorr   .            (no gloves)
SInv    .            (boots unavailable)
Will    .....        (no amulet) Stlth
                     (no ring)
HPRegen 0.26/turn    (no ring)
MPRegen 0.10/turn

%: no passive effects
@: flying quickly and evasively, quick
A: beak, talons 3, nimble flight
a: no special abilities


You were on level 4 of the Dungeon.
You visited 1 branch of the dungeon, and saw 4 of its levels.

You collected 169 gold pieces.

Inventory:

Hand Weapons
 a - a +0 war axe (weapon)
Armour
 b - a +0 scale mail (worn)
 c - a +0 buckler (worn)
 r - a +0 cloak (worn)
Jewellery
 s - a +4 ring of protection
Scrolls
 g - a scroll of vulnerability {unknown}
 i - 2 scrolls of enchant weapon {unknown}
 j - a scroll of amnesia {unknown}
 l - a scroll of noise {unknown}
 n - 3 scrolls of teleportation {unknown}
 o - 3 scrolls of identify {unknown}
 p - a scroll of fog {unknown}
Potions
 d - a potion of brilliance {unknown}
 e - 2 potions of invisibility {unknown}
 f - 2 potions of haste {unknown}
 h - a potion of heal wounds {unknown}
 k - 3 potions of magic {unknown}
 m - a potion of lignification {unknown}
 q - a potion of curing {unknown}


   Skills:
 - Level 3.0 Fighting
 * Level 7.7 Axes
 - Level 3.2 Armour
 - Level 3.0 Shields


You had 5 spell levels left.
You didn't know any spells.
Your spell library contained the following spells:

 Spells                   Type           Power      Damage    Failure   Level
 Apportation              Tloc           0%         N/A       85%         1
 Magic Dart               Conj           0%         1d3       85%         1
 Necrotise                Necr           0%         1d4       85%         1
 Summon Small Mammal      Summ           0%         N/A       85%         1
 Call Imp                 Summ           0%         N/A       94%         2
 Ensorcelled Hibernation  Hex/Ice        0%         N/A       94%         2
 Mephitic Cloud           Conj/Pois/Air  0%         N/A       99%         3
 Spider Form              Tmut/Pois      0%         N/A       99%         3
 Anguish                  Hex/Necr       0%         N/A       100%        4


Dungeon Overview and Level Annotations

Branches:
Dungeon (4/15)
 Temple: D:4-7

Altars:


Innate Abilities, Weirdness & Mutations

You have a beak for a mouth.
You have claws for feet.
Your magical nature lets you fly swiftly and evasively.


Message History

You start resting.
HP restored.
A hobgoblin comes into view.
The hobgoblin shouts!
A hobgoblin is nearby!
A hobgoblin is nearby!
A hobgoblin is nearby!
You hit the hobgoblin. Your kick misses the hobgoblin.
The hobgoblin is lightly wounded.
The hobgoblin barely misses you.
A hobgoblin is nearby!
You barely miss the hobgoblin. Your kick misses the hobgoblin.
You peck the hobgoblin.
The hobgoblin is heavily wounded.
The hobgoblin hits you but does no damage.
A hobgoblin is nearby!
You closely miss the hobgoblin. You peck the hobgoblin.
You kill the hobgoblin!
No target in view!
There is a fountain of sparkling water here.
Done exploring.
No target in view!
Done exploring.
No target in view!
Done exploring.
No target in view!
Done exploring.
No target in view!
Done exploring.
No target in view!
(D) Dungeon
Where to? (Enter - D:3, ? - help)
Things that are here:
a +0 scythe; a +0 robe; the human corpse of Sigmund
There is a stone staircase leading down here.
You fly downwards.
You hear the sound of rushing water.
There is an entrance to a sewer on this level.
Hurry and find it before the portal rusts away!
There is a stone staircase leading up here.
Are you sure you want to abandon this character and quit the game? (Confirm with "yes".)

# ..## ...#
#... ###
#..###..#
####.......#
#......@...#
#.####.........
##........
#.##....# #.#
#.### ..# .#
### #


There were no monsters in sight!

Vanquished Creatures
  Sigmund (D:3)
  Pargi (D:3)
  Terence (D:2)
  An orc wizard (D:3)
  2 adders (D:2)
  4 orcs (D:3)
  3 endoplasms
  2 giant cockroaches
  3 hobgoblins
  6 jackals (D:1)
  5 quokkas
  14 ball pythons
  3 bats (D:1)
  3 frilled lizards
  7 goblins
  4 kobolds
  5 rats
65 creatures vanquished.

Notes
Turn   | Place    | Note
-------+----------+-------------------------------------------
     0 | D:1      | Kurtz the Tengu Fighter began the quest for the Orb.
     0 | D:1      | Reached XP level 1. HP: 14/14 MP: 2/2
    53 | D:1      | Reached skill level 3 in Axes
    53 | D:1      | Reached XP level 2. HP: 15/19 MP: 3/3
   311 | D:1      | Found a faded altar of an unknown god.
   336 | D:1      | Reached XP level 3. HP: 23/23 MP: 4/4
   369 | D:1      | Reached skill level 4 in Axes
  1017 | D:2      | Noticed Terence
  1026 | D:2      | Killed Terence
  1027 | D:2      | Reached XP level 4. HP: 11/28 MP: 5/5
  1304 | D:2      | Reached skill level 5 in Axes
  1657 | D:3      | Noticed Pargi
  1671 | D:3      | Killed Pargi
  1672 | D:3      | Reached skill level 6 in Axes
  1672 | D:3      | Gained mutation: Your magical nature lets you fly swiftly
                  | and evasively. [Tengu growth]
  1672 | D:3      | Reached XP level 5. HP: 9/32 MP: 6/6
  1683 | D:3      | Reached XP level 6. HP: 14/37 MP: 7/7
  1826 | D:3      | Noticed Sigmund
  1851 | D:3      | Killed Sigmund
  1852 | D:3      | Reached skill level 7 in Axes
  2052 | D:4      | Quit the game

Illustrated notes

Levels and vault maps discovered:
D:1:      dpeg_arrival_boxes_within_box, layout_rooms,
          shapermc_ecumenical_altar_flowoftime
D:2:      layout_basic, uniq_terence
D:3:      layout_rooms, reono_crystal_passage, dreamdust_wishing_well,
          uniq_pargi, uniq_sigmund
D:4:      layout_rooms, nicolae_dithmenos_shadow_blocks,
          mainiacjoe_overflow_paths, lemuel_tele_altar,
          minmay_temple_entry_sparse_star, portal_sewer_entry_e, uniq_grinder

Skill      XL: |  1  2  3  4  5  6 |
---------------+-------------------+-----
Axes           | 3 4 6 7 |  7.7
Fighting       | |  3.0
Armour         | |  3.2
Shields        | |  3.0

Action                     |  1- 3 |  4- 6 || total
---------------------------+-------+-------++-------
  Melee: War axe           |    79 |    63 ||   142
         Kick              |    16 |     6 ||    22
         Peck              |     6 |     9 ||    15
    Use: Potion            |       |     1 ||     1
 Armour: Scale mail        |    50 |    31 ||    81
  Dodge: Dodged            |    44 |    30 ||    74
  Block: Buckler           |    15 |    17 ||    32
